 Dungeon Crawl Stone Soup version 0.23.2-1-ga50397a6bc (webtiles) character file.

Game seed: 10387937956085406115

474 Mrkan the Gusty (level 7, -3/50 HPs)
             Began as a Gnoll Air Elementalist on May 23, 2019.
             Killed from afar by an orc (5 damage)
             ... with a wand of flame (7)
             ... on level 4 of the Dungeon.
             The game lasted 00:12:44 (3068 turns).

Mrkan the Gusty (Gnoll Air Elementalist)            Turns: 3068, Time: 00:12:45

Health: -3/50      AC:  6    Str: 10    XL:     7   Next: 10%
Magic:  0/15       EV: 15    Int: 20    God:
Gold:   113        SH:  0    Dex: 15    Spells: 12/17 levels left

rFire    . . .     SeeInvis .   v - +0 falchion
rCold    . . .     Gourm    .   (no shield)
rNeg     . . .     Faith    .   a - +0 robe
rPois    +         Spirit   .   (no helmet)
rElec    .         Reflect  .   b - +0 cloak
rCorr    .         Harm     .   (no gloves)
MR       .....                  m - +2 pair of boots
Stlth    ++++......             (no amulet)
HPRegen  0.16/turn              i - ring of stealth
MPRegen  0.14/turn              r - ring of poison resistance

@: no status effects
A: distributed training, fangs 1, strong nose
a: no special abilities


You were on level 4 of the Dungeon.
You were not hungry.

You visited 1 branch of the dungeon, and saw 4 of its levels.

You collected 113 gold pieces.

Inventory:

Hand Weapons
 v - a +0 falchion (weapon)
Armour
 a - a +0 robe (worn)
 b - a +0 cloak (worn)
 m - a +2 pair of boots (worn)
Jewellery
 i - a ring of stealth (left hand)
 r - a ring of poison resistance (right hand)
Scrolls
 d - 3 scrolls of identify {unknown}
 g - 2 scrolls of remove curse {unknown}
 h - 2 scrolls of immolation {unknown}
 k - 2 scrolls of blinking {unknown}
 w - a scroll of fear {unknown}
 x - a scroll of teleportation {unknown}
Potions
 e - 2 potions of brilliance {unknown}
 f - 2 potions of curing {unknown}
 j - a potion of resistance {unknown}
 l - a potion of flight {unknown}
 n - 2 potions of haste {unknown}
 o - a potion of ambrosia {unknown}
 p - a potion of might {unknown}
 s - 2 potions of heal wounds {unknown}
 t - 2 potions of berserk rage {unknown}
 u - a potion of agility {unknown}
Comestibles
 c - 8 rations
 q - 3 chunks of flesh


   Skills:
 + Level 2.2 Fighting
 + Level 2.2 Short Blades
 + Level 2.2 Long Blades
 + Level 2.2 Axes
 + Level 2.2 Maces & Flails
 + Level 2.2 Polearms
 + Level 2.2 Staves
 + Level 2.2 Slings
 + Level 2.2 Bows
 + Level 2.2 Crossbows
 + Level 2.2 Throwing
 + Level 2.2 Armour
 + Level 5.1 Dodging
 + Level 4.7 Stealth
 + Level 2.2 Shields
 + Level 2.2 Unarmed Combat
 + Level 5.5 Spellcasting
 + Level 2.8 Conjurations
 + Level 1.8 Hexes
 + Level 1.8 Charms
 + Level 1.8 Summonings
 + Level 1.8 Necromancy
 + Level 1.8 Translocations
 + Level 1.8 Transmutations
 + Level 1.8 Fire Magic
 + Level 1.8 Ice Magic
 + Level 5.7 Air Magic
 + Level 1.8 Earth Magic
 + Level 1.8 Poison Magic
 + Level 2.4 Invocations
 + Level 2.2 Evocations


You had 12 spell levels left.
You knew the following spells:

 Your Spells              Type           Power        Failure   Level  Hunger
a - Shock                 Conj/Air       ###.         1%          1    None
b - Airstrike             Air            ####......   11%         4    ####...

Your spell library contained the following spells:

 Spells                   Type           Power        Failure   Level  Hunger
 Swiftness                Chrm/Air       ###.....     3%          2    None
 Corona                   Hex            ##.....      5%          1    None
 Static Discharge         Conj/Air       ###.....     5%          3    ##.....
 Ensorcelled Hibernation  Hex/Ice        ##....       8%          2    None
 Dazzling Spray           Conj/Hex       ##....       13%         3    ##.....
 Confuse                  Hex            ##......     16%         3    ##.....
 Tukima's Dance           Hex            ##......     16%         3    ##.....
 Lightning Bolt           Conj/Air       ###.......   45%         5    #####..


Dungeon Overview and Level Annotations

Branches:
Dungeon (4/15)
 Temple: D:4-7

Altars:
Hepliaklqana
Ru


Innate Abilities, Weirdness & Mutations

Your experience applies equally to all skills.
You have very sharp teeth.
Your uncanny sense of smell can sniff out nearby items.


Message History

Confirm with . or Enter, or press ? or * to list all spells.
You don't have enough magic to cast that spell.
The orc zaps a wand.
The puff of flame hits you.
* * * LOW HITPOINT WARNING * * *
Casting: Shock (safe; 1% risk of failure)
Confirm with . or Enter, or press ? or * to list all spells.
You don't have enough magic to cast that spell.
The orc zaps a wand.
The puff of flame hits you!
* * * LOW HITPOINT WARNING * * *
Casting: Shock (safe; 1% risk of failure)
Confirm with . or Enter, or press ? or * to list all spells.
Aiming: Shock (safe; 1% risk of failure)
Press: ? - help, Shift-Dir - straight line, f/p - gnoll
Aim: a gnoll, wielding a +0 spear (almost dead)
The zap hits the orc.
The orc is heavily wounded.
The zap hits the gnoll.
You kill the gnoll!
The orc zaps a wand.
The puff of flame hits you.
You die...

### ..##########
##########
#.....†....####.@......#
#.###.......)o..##......
#.# #.####.###### ###.#
#.# #.####.#
#.##........
#o....(......
.).(..###.....
.............[.
..(##.###...#.


You could see an orc.

Vanquished Creatures
  An ogre (D:4)
  Crazy Yiuf (D:2)
  A hound (D:4)
  2 orc wizards (D:4)
  3 worker ants (D:4)
  2 hound skeletons
  A gnoll (D:4)
  8 adders
  An ooze (D:2)
  An adder zombie (D:3)
  3 leopard geckos
  6 orcs
  2 ball pythons
  9 bats
  6 giant cockroaches
  8 hobgoblins
  2 jackals (D:3)
  A quokka (D:3)
  8 frilled lizards
  9 goblins
  A jackal zombie (D:3)
  10 kobolds
  2 leopard gecko zombies (D:3)
  2 quokka zombies (D:3)
  9 rats
99 creatures vanquished.

Notes
Turn   | Place    | Note
-------+----------+-------------------------------------------
     0 | D:1      | Mrkan the Gnoll Air Elementalist began the quest for the
                  | Orb.
     0 | D:1      | Reached XP level 1. HP: 13/13 MP: 6/6
   100 | D:1      | Reached XP level 2. HP: 19/19 MP: 3/7
   586 | D:1      | Reached XP level 3. HP: 23/25 MP: 0/9
   727 | D:1      | Reached skill level 5 in Spellcasting
  1079 | D:2      | Reached skill level 1 in Invocations
  1215 | D:2      | Reached skill level 1 in Fighting
  1215 | D:2      | Reached skill level 1 in Short Blades
  1215 | D:2      | Reached skill level 1 in Long Blades
  1215 | D:2      | Reached skill level 1 in Axes
  1215 | D:2      | Reached skill level 1 in Maces & Flails
  1215 | D:2      | Reached skill level 1 in Polearms
  1215 | D:2      | Reached skill level 1 in Staves
  1215 | D:2      | Reached skill level 1 in Slings
  1215 | D:2      | Reached skill level 1 in Bows
  1215 | D:2      | Reached skill level 1 in Crossbows
  1215 | D:2      | Reached skill level 1 in Throwing
  1215 | D:2      | Reached skill level 1 in Armour
  1215 | D:2      | Reached skill level 1 in Shields
  1215 | D:2      | Reached skill level 1 in Unarmed Combat
  1215 | D:2      | Reached skill level 1 in Evocations
  1264 | D:2      | Reached XP level 4. HP: 32/32 MP: 4/11
  1326 | D:2      | Found a sacrificial altar of Ru.
  1395 | D:2      | Found a runed translucent door.
  1396 | D:2      | Noticed Crazy Yiuf
  1578 | D:2      | Killed Crazy Yiuf
  1578 | D:2      | Reached skill level 1 in Hexes
  1578 | D:2      | Reached skill level 1 in Charms
  1578 | D:2      | Reached skill level 1 in Summonings
  1578 | D:2      | Reached skill level 1 in Necromancy
  1578 | D:2      | Reached skill level 1 in Translocations
  1578 | D:2      | Reached skill level 1 in Transmutations
  1578 | D:2      | Reached skill level 1 in Fire Magic
  1578 | D:2      | Reached skill level 1 in Ice Magic
  1578 | D:2      | Reached skill level 1 in Earth Magic
  1578 | D:2      | Reached skill level 1 in Poison Magic
  1850 | D:3      | Reached XP level 5. HP: 37/37 MP: 5/12
  1938 | D:3      | Found a hazy altar of Hepliaklqana.
  2657 | D:4      | Noticed an ogre
  2663 | D:4      | Killed an ogre
  2663 | D:4      | Reached XP level 6. HP: 44/44 MP: 7/14
  2716 | D:3      | Learned a level 4 spell: Airstrike
  2834 | D:4      | Reached skill level 5 in Dodging
  3019 | D:4      | Reached XP level 7. HP: 47/50 MP: 1/15
  3067 | D:4      | HP: 2/50 [orc/wand of flame (8) (8)]
  3068 | D:4      | Killed from afar by an orc

Skill      XL: |  1  2  3  4  5  6 |
---------------+-------------------+-----
Conjurations   | 2 |  2.8
Spellcasting   | 5 |  5.5
Invocations    | 1 2 |  2.4
Fighting       | 1 2 |  2.2
Short Blades   | 1 2 |  2.2
Long Blades    | 1 2 |  2.2
Axes           | 1 2 |  2.2
Maces & Flails | 1 2 |  2.2
Polearms       | 1 2 |  2.2
Staves         | 1 2 |  2.2
Slings         | 1 2 |  2.2
Bows           | 1 2 |  2.2
Crossbows      | 1 2 |  2.2
Throwing       | 1 2 |  2.2
Armour         | 1 2 |  2.2
Shields        | 1 2 |  2.2
Unarmed Combat | 1 2 |  2.2
Evocations     | 1 2 |  2.2
Hexes          | 1 |  1.8
Charms         | 1 |  1.8
Summonings     | 1 |  1.8
Necromancy     | 1 |  1.8
Translocations | 1 |  1.8
Transmutations | 1 |  1.8
Fire Magic     | 1 |  1.8
Ice Magic      | 1 |  1.8
Earth Magic    | 1 |  1.8
Poison Magic   | 1 |  1.8
Dodging        | 5 |  5.1
Stealth        | |  4.7
Air Magic      | |  5.7

Action                   |  1- 3 |  4- 6 |  7- 9 || total
-------------------------+-------+-------+-------++-------
Melee: Unarmed           |    12 |    10 |       ||    22
       Bite              |       |     2 |       ||     2
       Falchion          |       |     3 |       ||     3
 Cast: Shock             |    72 |   134 |     4 ||   210
       Airstrike         |       |     3 |     1 ||     4
  Eat: Chunk             |     1 |     6 |       ||     7
Armor: Robe              |     5 |    14 |     3 ||    22
Dodge: Dodged            |    13 |    47 |     8 ||    68
       Rpst.: Falchion   |       |     3 |     3 ||     6
